 Dungeon Crawl Stone Soup version 0.23-a0-655-g3751e1c (webtiles) character file.

145 Lanoc the Slasher (level 5, -1/47 HPs)
             Began as a Minotaur Chaos Knight on Jan 7, 2019.
             Was a Plaything of Xom.
             Succumbed to a scorpion's poison
             ... on level 2 of the Dungeon.
             The game lasted 00:00:54 (281 turns).

Lanoc the Slasher (Minotaur Chaos Knight)            Turns: 281, Time: 00:00:54

Health: -1/47      AC:  5    Str: 18    XL:     5   Next: 6%
Magic:  4/4        EV: 12    Int:  9    God:    Xom [..*...]
Gold:   0          SH:  0    Dex:  9    Spells: 4/4 levels left

rFire    . . .     SeeInvis .   a - +0 falchion (chaos)
rCold    . . .     Gourm    .   (no shield)
rNeg     . . .     Faith    .   b - +2 leather armour
rPois    .         Spirit   .   (helmet restricted)
rElec    .         Reflect  .   (no cloak)
rCorr    .         Harm     .   (no gloves)
MR       .....                  (no boots)
Stlth    +.........             (no amulet)
HPRegen  0.15/turn              (no ring)
MPRegen  0.09/turn              (no ring)

@: lethally poisoned (-1 -> -14)
A: retaliatory headbutt, horns 2
a: Renounce Religion


You were on level 2 of the Dungeon.
You worshipped Xom.
You were a toy of Xom.
You were not hungry.

You visited 1 branch of the dungeon, and saw 2 of its levels.

Inventory:

Hand Weapons
 a - a +0 falchion of chaos (weapon)
Armour
 b - a +2 leather armour (worn)
Comestibles
 c - a ration


   Skills:
 + Level 4.5 Fighting
 * Level 5.2 Long Blades
 + Level 3.5 Armour
 + Level 2.4 Dodging


You had 4 spell levels left.
You didn't know any spells.
Your spell library was empty.

Dungeon Overview and Level Annotations

Branches:
Dungeon (2/15)

Altars:


Innate Abilities, Weirdness & Mutations

You reflexively headbutt those who attack you in melee.
You have a pair of horns on your head.


Message History

Your Long Blades skill increases to level 5!
You have reached level 5!
* * * LOW HITPOINT WARNING * * *
You feel sick.
* * * LOW HITPOINT WARNING * * *
You feel sick.
* * * LOW HITPOINT WARNING * * *
You feel sick.
As you read the scroll labeled RANADIUGUEV, it crumbles to dust.
You feel strangely unstable.
It was a scroll of teleportation.
* * * LOW HITPOINT WARNING * * *
You feel sick.
* * * LOW HITPOINT WARNING * * *
You feel sick.
Your surroundings suddenly seem different.
* * * LOW HITPOINT WARNING * * *
You feel sick.
Found a stone staircase leading down.
You die...
Xom chuckles heartily!

... #.# #.# #.#
###.#### .......#
.......# ##+##
.......# ##.@.##
.......# #.....#
.......## #.......#
........# #...>.....#
...........+.........+
####....####.........#
.....# ##.......##
.###.# ##.....## .. .#
##...##


There were no monsters in sight!

Vanquished Creatures
  A phantom (D:2)
  A scorpion (D:2)
  A leopard gecko (D:1)
  A goblin (D:1)
  2 hobgoblins (D:1)
  3 jackals (D:1)
  A ball python (shapeshifter) (D:1)
  A kobold (D:1)
  A rat (D:1)
12 creatures vanquished.

Notes
Turn   | Place    | Note
-------+----------+-------------------------------------------
     0 | D:1      | Lanoc the Minotaur Chaos Knight began the quest for the
                  | Orb.
     0 | D:1      | Reached XP level 1. HP: 19/19 MP: 0/0
   130 | D:1      | Reached XP level 2. HP: 27/27 MP: 1/1
   131 | D:1      | Reached skill level 4 in Long Blades
   186 | D:2      | XOM: noise
   201 | D:2      | Noticed a phantom
   220 | D:2      | Killed a phantom
   220 | D:2      | Reached XP level 3. HP: 13/34 MP: 2/2
   220 | D:2      | Reached XP level 4. HP: 15/41 MP: 3/3
   269 | D:2      | XOM: potion effect (heal wounds)
   275 | D:2      | Reached skill level 5 in Long Blades
   275 | D:2      | Reached XP level 5. HP: 9/47 MP: 4/4
   278 | D:2      | HP: 2/47 [poisoned by a scorpion]
   281 | D:2      | Succumbed to a scorpion's poison

Vault maps used:
D:1:      enne_arrival_octagon_isle, st_stairs_5, solitary_fountain
D:2:      grunt_qazlal_clouds, first_ration, serial_bayou_lagoon_a,
          kennysheep_potato

Skill      XL: |  1  2  3  4 |
---------------+-------------+-----
Long Blades    | 4 5 |  5.2
Fighting       | 4 |  4.5
Armour         | 3 |  3.5
Dodging        | 2 |  2.4

Action                   |  1- 3 |  4- 6 || total
-------------------------+-------+-------++-------
Melee: Falchion          |    34 |     8 ||    42
       Headbutt          |     4 |     1 ||     5
  Use: Scroll            |       |     1 ||     1
 Stab: Paralysed         |     3 |       ||     3
Armor: Leather armour    |    15 |     1 ||    16
Dodge: Dodged            |    17 |     3 ||    20
       Rpst.: Falchion   |     4 |     1 ||     5

Table legend:
 A = Non-vault XP
 B = Vault XP
 C = Vault XP percentage of total XP
 D = Non-vault monster count
 E = Vault monster count
 F = Vault count percentage of total count
                 A         B        C        D         E       F
            +---------+---------+-------+---------+---------+-------
      Total |     208 |       0 |   0.0 |      12 |       0 |   0.0
            +---------+---------+-------+---------+---------+-------
        D:1 |      18 |       0 |   0.0 |      10 |       0 |   0.0
        D:2 |     190 |       0 |   0.0 |       2 |       0 |   0.0
            +---------+---------+-------+---------+---------+-------
